 Dungeon Crawl Stone Soup version 0.22-a0-160-gcc81d7a (webtiles) character file.

44 mhoghedin the Ruffian (level 3, 0/31 (33) HPs)
             Began as a Ghoul Monk on Feb 10, 2018.
             Slain by an adder (3 damage)
             ... on level 1 of the Dungeon.
             The game lasted 00:03:02 (1415 turns).

mhoghedin the Ruffian (Ghoul Monk)                  Turns: 1415, Time: 00:03:02

HP:   0/31 (33)     AC:  2    Str: 14 (15) XL:     3   Next: 60%
MP:   2/2           EV: 19    Int:  3 (5)  God:
Gold: 29            SH:  0    Dex: 16      Spells: 2/2 levels left

rFire    . . .     SeeInvis .     - Unarmed
rCold    + . .     Gourm    .   (no shield)
rNeg     + + +     Faith    .   a - +0 robe
rPois    ∞         Spirit   .   (no helmet)
rElec    .         Reflect  .   (no cloak)
rCorr    .         Harm     .   (no gloves)
MR       .....                  (no boots)
Stlth    +++.......             (no amulet)
HPRegen  0.00/turn              (no ring)
MPRegen  0.08/turn              (no ring)

@: agile, rotting
A: rotting body, claws 1, carnivore, cold resistance 1, negative energy
resistance 3, inhibited regeneration, torment resistance, unbreathing
a: no special abilities


You were on level 1 of the Dungeon.
You were not hungry.

You visited 1 branch of the dungeon, and saw 2 of its levels.

You collected 29 gold pieces.

Inventory:

Armour
 a - a +0 robe (worn)
Jewellery
 c - an uncursed amulet of the acrobat {unknown}
   (You found it on level 1 of the Dungeon)
Scrolls
 g - a scroll of enchant weapon {unknown}
 h - a scroll of magic mapping {unknown}
Comestibles
 b - a ration


   Skills:
 + Level 3.9 Fighting
 + Level 3.2 Dodging
 - Level 2.1 Stealth
 + Level 4.0 Unarmed Combat


You had 2 spell levels left.
You didn't know any spells.

Dungeon Overview and Level Annotations

Branches:
Dungeon (2/15)

Altars:

Annotations:
D:2 Terence


Innate Abilities, Weirdness & Mutations

Your body is rotting away.
You thrive on raw meat.
You are immune to poison.
You have sharp fingernails.
You are carnivorous and can eat meat at any time.
Your flesh is cold resistant. (rC+)
You are immune to negative energy. (rN+++)
You do not regenerate when monsters are visible.
You are immune to unholy pain and torment.
You can survive without breathing.


Message History

You are too injured to fight recklessly!
You are too injured to fight recklessly!
The bat barely misses you.
You scratch the bat.
You kill the bat!
An adder comes into view.
You see here a bat corpse.
You butcher the bat corpse.
The adder hisses angrily.
Things that are here:
a chunk of flesh {@w0}; a bat skeleton Eat a chunk of flesh {@w0}? (ye/n/q)
You eat the chunk of flesh {@w0}.
You feel more resilient.
This raw flesh tastes great!
You regained 5 hp, and now have 23/32 hp.
A bat comes into view.
The adder bites you.
You take 4 damage, and have 19/32 hp.
You miss the adder. The adder barely misses you.
You miss the adder. The adder bites you but does no damage.
The adder misses you.
You closely miss the adder. The adder misses you.
You claw the adder! The adder closely misses you.
You closely miss the adder. The adder barely misses you.
You scratch the adder. Your claw misses the adder. The adder bites you.
The adder closely misses you.
You take 1 damage, and have 18/32 hp.
You scratch the adder but do no damage. The adder bites you.
You take 2 damage, and have 16/32 hp.
You scratch the adder.
You kill the adder!
You start resting.
A bat is nearby!
A bat is nearby!
Unknown command.
You are too injured to fight recklessly!
You are too injured to fight recklessly!
You see here a bat skeleton.
You feel your flesh rotting away. The bat closely misses you.
The bat misses you.
Found a stone staircase leading down.
A kobold comes into view. It is wielding a dagger.
The bat hits you.
You take 1 damage, and have 16/31 hp.
A gnoll comes into view. It is wielding a flail.
The kobold shouts!
You hear an angry hiss.
You hear a shout!
The bat barely misses you.
The gnoll moves out of view.
You hear a shout!
An adder comes into view.
You scratch the bat.
You kill the bat!
Your Unarmed Combat skill increases to level 4!
Terence the Incautious comes into view.
He is wielding a hand axe.
You see here a bat skeleton.
You aren't carrying any items that you can evoke.
You closely miss the kobold. The kobold hits you with a dagger.
You take 1 damage, and have 15/31 hp.
You barely miss the kobold. The kobold completely misses you.
You scratch the kobold. The kobold hits you with a dagger.
You take 2 damage, and have 13/31 hp.
You scratch the kobold.
You kill the kobold!
The adder misses you.
You closely miss the adder. The adder misses you.
You scratch the adder. The adder closely misses you.
You closely miss the adder. The adder bites you.
* * * LOW HITPOINT WARNING * * *
You take 4 damage, and have 9/31 hp.
Unknown command.
You aren't carrying any items that you can evoke.
It was a potion of mutation.
You feel extremely strange.
Your body decomposes!
You feel dopey.
Your body decomposes!
You feel dopey.
Your body decomposes!
You feel weakened. The adder bites you.
* * * LOW HITPOINT WARNING * * *
The adder barely misses you.
You take 2 damage, and have 7/31 hp.
Unknown command.
Unknown command.
It was a potion of agility.
You feel agile all of a sudden. The adder completely misses you.
You barely miss the adder. The adder bites you.
* * * LOW HITPOINT WARNING * * *
You take 2 damage, and have 5/31 hp.
The adder bites you.
* * * LOW HITPOINT WARNING * * *
There is a stone staircase leading up here.
You take 2 damage, and have 3/31 hp.
The adder completely misses you.
You climb upwards.
There is a stone staircase leading down here.
You scratch the adder. The adder bites you but does no damage.
You miss the adder. The adder bites you.
You die...

#.#.#...###...##.#.#####.......(.
...).............#.............(.
#...#...###.#..#.#........##.#.#.
.PP.#...# #.##.#.#........##.#.#.
♣..P....# #.##...#.#####.###.#.#.
♣♣..#...###..................#.#.
♣P.......##........######....#.#.
♣.P.......#.####.#.## #........
.P....#.....#...@...#####........
.....#.#........S................
....#...#.......(.........##.....
####.....#####...#.####.#.##.#.#.
#...........#....................
.#.........#.....#.####.#..#.#.#.
(#....<....#.....................
#...........#....#.####.#..#.#♣.♣
####.....#####...#.# #.#........


You could see an adder.

Vanquished Creatures
  An adder (D:2)
  A worm (D:2)
  A dart slug (D:1)
  3 goblins (D:1)
  A hobgoblin (D:1)
  4 jackals (D:1)
  5 kobolds
  5 bats
  4 frilled lizards
  5 rats
30 creatures vanquished.

Notes
Turn   | Place    | Note
-------+----------+-------------------------------------------
     0 | D:1      | mhoghedin the Ghoul Monk began the quest for the Orb.
     0 | D:1      | Reached XP level 1. HP: 19/19 MP: 0/0
   373 | D:1      | Reached XP level 2. HP: 18/26 MP: 1/1
   717 | D:1      | Reached skill level 3 in Dodging
   804 | D:1      | Reached XP level 3. HP: 33/33 MP: 2/2
  1391 | D:2      | Reached skill level 4 in Unarmed Combat
  1393 | D:2      | Noticed Terence
  1407 | D:2      | HP: 7/31 [adder (2)]
  1411 | D:2      | HP: 3/31 [adder (2)]
  1415 | D:1      | Slain by an adder

Vault maps used:
D:1:      scummos_arrival_star, serial_forest, infiniplex_forest_lined_corner,
          infiniplex_forest_clump_diagonal, infiniplex_forest_straight_1,
          infiniplex_forest_clump_small, infiniplex_forest_lined_3_way
D:2:      nicolae_dithmenos_through_a_glass_darkly, elyvilon_altar_1,
          overflow_temple_1_default, uniq_terence, uniq_crazy_yiuf_cottage,
          uniq_sigmund

Skill      XL: |  1  2  3 |
---------------+----------+-----
Dodging        | 3 |  3.2
Unarmed Combat | 4 |  4.0
Fighting       | |  3.9
Stealth        | |  2.1

Action                   || total
-------------------------++-------
Melee: Unarmed           ||   112
       Punch             ||     1
  Use: Potion            ||     2
 Stab: Sleeping          ||     3
  Eat: Chunk             ||     4
Armor: Robe              ||    23
Dodge: Dodged            ||    97

Table legend:
 A = Spawn XP
 B = Non-spawn XP
 C = Spawn XP percentage of total XP
 D = Spawn monster count
 E = Non-spawn monster count
 F = Spawn count percentage of total count
 G = Total turns spent on level
                    A         B        C        D         E        F      G
               +---------+---------+-------+---------+---------+-------+---------
         Total |       0 |      63 |   0.0 |       0 |      30 |   0.0 |  1415
               +---------+---------+-------+---------+---------+-------+---------
           D:1 |       0 |      37 |   0.0 |       0 |      22 |   0.0 |  1327
           D:2 |       0 |      26 |   0.0 |       0 |       8 |   0.0 |    88
               +---------+---------+-------+---------+---------+-------+---------

Vault maps used:
D:1:      scummos_arrival_star, serial_forest, infiniplex_forest_lined_corner,
          infiniplex_forest_clump_diagonal, infiniplex_forest_straight_1,
          infiniplex_forest_clump_small, infiniplex_forest_lined_3_way
D:2:      nicolae_dithmenos_through_a_glass_darkly, elyvilon_altar_1,
          overflow_temple_1_default, uniq_terence, uniq_crazy_yiuf_cottage,
          uniq_sigmund

Table legend:
 A = Turns spent in this place as a percentage of turns spent in the entire game.
 B = Non-inter-level travel turns spent in this place as a percentage of non-inter-level travel turns spent in the entire game.
 C = Inter-level travel turns spent in this place as a percentage of turns spent in this place.
 D = Turns resting spent in this place as a percentage of non-inter-level travel turns spent in this place.
 E = Turns spent auto-exploring this place as a percentage of non-inter-level travel turns spent in this place.
 F = Non-inter-level travel turns spent in this place divided by the number of levels of this place that you've seen.
                   A       B       C       D       E      F
               +-------+-------+-------+-------+-------+----------------------
         Total | 100.0 | 100.0 |   3.3 |  31.6 |  49.2 | 684.0
       Dungeon | 100.0 | 100.0 |   3.3 |  31.6 |  49.2 | 684.0
               +-------+-------+-------+-------+-------+----------------------

Table legend:
 A = Kills in this place as a percentage of kills in entire the game.
 B = Kills by you in this place as a percentage of kills by you in the entire game.
 C = Kills by friends in this place as a percentage of kills by friends in the entire game.
 D = Other kills in this place as a percentage of other kills in the entire game.
 E = Experience gained in this place as a percentage of experience gained in the entire game.
 F = Experience gained in this place divided by the number of levels of this place that you have seen.
                   A       B       C       D       E      F
               +-------+-------+-------+-------+-------+----------------------
         Total | 100.0 | 100.0 |   N/A |   N/A | 100.0 |  31.5
       Dungeon | 100.0 | 100.0 |   N/A |   N/A | 100.0 |  31.5
               +-------+-------+-------+-------+-------+----------------------
